 Dungeon Crawl Stone Soup version 0.19-a0-13-gc67dc5e (console) character file.

218762 MenacingMecha the Warrior (level 19, -1/108 HPs)
             Began as a Vine Stalker Gladiator on Apr 27, 2016.
             Was the Champion of Okawaru.
             Slain by a redback (10 damage)
             ... on level 3 of the Spider Nest on Apr 29, 2016.
             The game lasted 05:32:05 (43807 turns).

MenacingMecha the Warrior (Vine Stalker Gladiator) Turns: 43807, Time: 05:32:05

Health: -1/108     AC: 14    Str: 17 (24) XL:     19   Next: 12%
Magic:  0/21       EV: 13    Int: 10 (13) God:    Okawaru [******]
Gold:   1904       SH:  5    Dex:  7 (15) Spells: 3 memorised, 11 levels left

rFire  + + +     SeeInvis .     A - +6 dagger (elec)
rCold  + . .     Gourm    .     r - +0 fire dragon armour
rNeg   . . .     Faith    .     P - +1 buckler {rC+ rF+}
rPois  +         Spirit   +     h - +2 hat {Int+3}
rElec  .         Dismiss  .     e - +0 cloak
rCorr  +         Reflect  .     p - +0 pair of gloves of the Peculiar Ghosts {+Fly rCorr Slay+4}
SustAt .         Harm     .     M - +0 pair of boots of Uwohar {+Blink rPois MR+ Dex-4}
MR     +++..     Clarity  +     (no amulet)
Stlth  ..........               N - +4 ring of strength
                                J - ring of protection from cold

@: extremely resistant to hostile enchantments, extremely unstealthy
A: fangs 3, clarity, clever 1, clumsy 1, deformed body, deterioration 1, low mp
2, regeneration 3, shaggy fur 1, magic shield, antimagic bite, no device heal 3,
rot immunity
a: Heroism, Finesse, Renounce Religion, Evoke Blink, Evoke Flight
}: 1/15 runes: gossamer


You were on level 3 of the Spider Nest.
You worshipped Okawaru.
Okawaru was exalted by your worship.
You were not hungry.

You visited 7 branches of the dungeon, and saw 33 of its levels.
You visited the Abyss 2 times.
You also visited: Labyrinth, Bailey and Volcano.

You collected 3322 gold pieces.
You spent 1418 gold pieces at shops.

Inventory:

Hand Weapons
 c - a +5 quick blade of piercing
 A - a +6 dagger of electrocution (weapon)
 S - a +0 blowgun
Missiles
 b - 12 tomahawks
 d - 4 throwing nets
 L - 17 curare-tipped needles
 O - 5 javelins
 U - 8 javelins of returning (quivered)
Armour
 e - a +0 cloak (worn)
 h - a +2 hat of intelligence (worn)
 p - the +0 pair of gloves of the Peculiar Ghosts (worn) {+Fly rCorr Slay+4}
   (Okawaru gifted it to you on level 7 of the Lair of Beasts)

   It affects your accuracy and damage with ranged weapons and melee attacks
   (+4).
   It lets you fly.
   It protects you from acid and corrosion.
 r - a +0 fire dragon armour (worn)
 M - the +0 pair of boots of Uwohar (worn) {+Blink rPois MR+ Dex-4}
   (Okawaru gifted it to you on level 2 of the Orcish Mines)

   It affects your dexterity (-4).
   It protects you from poison.
   It affects your resistance to hostile enchantments.
   It lets you blink.
 P - a +1 buckler of resistance (worn)
Jewellery
 C - an uncursed ring of protection from cold
 D - an uncursed ring of sustain attributes
 J - a ring of protection from cold (left hand)
 N - a +4 ring of strength (right hand)
Wands
 m - a wand of digging (13/24)
 o - a wand of acid (6/15)
 s - a wand of digging (16/24)
 w - a wand of paralysis (19/24)
 y - a wand of iceblast (4/15)
 E - a wand of confusion (31/48)
 G - a wand of iceblast (13/15)
 K - a wand of lightning (9/15)
 Q - a wand of acid (8/15)
 R - a wand of lightning (6/15)
Scrolls
 a - 4 scrolls of recharging
 g - 16 scrolls of remove curse
 j - 8 scrolls of teleportation
 n - 14 scrolls of identify
 q - a scroll of magic mapping
 t - a scroll of blinking
 v - 8 scrolls of fog
 X - 4 scrolls of fear
Potions
 i - 9 potions of agility
 k - 5 potions of curing
 x - a potion of invisibility
 z - 2 potions of resistance
 B - 2 potions of berserk rage
 F - 5 potions of ambrosia
 I - 2 potions of cancellation
 V - a potion of magic
 Y - 10 potions of haste
 Z - a potion of might
Books
 l - a book of Flames

   Spells                             Type                      Level
   a - Flame Tongue                   Conjuration/Fire             1
   b - Throw Flame                    Conjuration/Fire             2
   c - Conjure Flame                  Conjuration/Fire             3
   d - Inner Flame                    Hexes/Fire                   3
   e - Sticky Flame                   Conjuration/Fire             4
   f - Fireball                       Conjuration/Fire             5
Miscellaneous
 u - an ornate deck of changes {drawn: 1}
 H - a phial of floods
Comestibles
 f - 13 bread rations


   Skills:
 - Level 15.5 Fighting
 - Level 14.0 Short Blades
 + Level 9.1 Throwing
 - Level 8.4 Armour
 - Level 14.0 Dodging
 - Level 4.0 Shields
 - Level 7.1 Charms
 - Level 6.2 Necromancy
 - Level 8.0 Translocations
 - Level 7.5 Invocations
 - Level 8.0 Evocations


You had 11 spell levels left.
You knew the following spells:

 Your Spells              Type           Power        Failure   Level  Hunger
a - Apportation           Tloc           ###.......   6%          1    ##.....
b - Regeneration          Chrm/Necr      ##........   28%         3    ####...
c - Spectral Weapon       Hex/Chrm       #.......     87%         3    ####...


Dungeon Overview and Level Annotations

Branches:
Dungeon (15/15)            Temple (1/1) D:7            Lair (8/8) D:10
 Shoals (1/4) Lair:6       Spider (4/4) Lair:6        Slime (0/6) Lair:8
    Orc (2/2) D:11            Elf (2/3) Orc:2        Vaults (0/5) D:13
 Depths (0/5) D:15

Altars:
Ashenzari
Cheibriados
Dithmenos
Elyvilon
Fedhas
Gozag
Kikubaaqudgha
Makhleb
Nemelex Xobeh
Okawaru
Pakellas
Qazlal
Ru
Sif Muna
Trog
Vehumet
Xom
Yredelemnul
Zin
The Shining One
Beogh
Jiyva

Shops:
D:8 !   D:11 [   D:13 ?(=:   Orc:1 =   Orc:2 ****   Elf:2 :   Shoals:1 !*

Portals:
Hell: Lair:8
Trove: D:10 (give +3 storm dragon armour)

Annotations:
D:14 shadow dragon
Lair:2 stash
Shoals:1 merfolk impaler with distort
Spider:3 exclusion: Roxanne, Roxanne
Orc:1 stone giant
Elf:1 dire flail of protection
Elf:2 3 runed doors


Innate Abilities, Weirdness & Mutations

You have razor-sharp teeth.
You regenerate.
When hurt, damage is shared between your health and your magic reserves.
Your bite disrupts and absorbs the magic of your enemies.
Potions and wands cannot restore your health.
You are immune to rotting.
You possess an exceptional clarity of mind.
Your mind is acute. (Int +2)
You are clumsy. (Dex -2)
Armour fits poorly on your strangely shaped body.
Your body sometimes deteriorates upon taking damage.
Your magical capacity is very low (-20% MP).
You are covered in fur (AC +1).


Message History

* * * LOW HITPOINT WARNING * * *
The redback completely misses you.
The jumping spider pounces on you but does no damage.
You block the jumping spider's attack. The redback bites you!
* * * LOW HITPOINT WARNING * * *
You are poisoned.
The redback poisons you!
There is a stone staircase leading up, spattered with blood here.
You feel very sick. The redback barely misses you.
The jumping spider pounces on you!
* * * LOW HITPOINT WARNING * * *
You block the jumping spider's attack.
The jumping spider leaps!
You climb upwards.
Level annotation: exclusion: Roxanne, Roxanne
* * * LOW HITPOINT WARNING * * *
You feel very sick.
There is a stone staircase leading down, spattered with blood here.
Drink which item? (? for menu, Esc to quit)
You feel better. You block the redback's attack. The redback bites you!
You die...

#### ##..##
###....## ####
##.......###..##
#....^........^#
##....#.....#...
###.........#....
###^#..^..........#
#@s........#......<
#.s...>.#.#)......#
###..#..^....#..#.#
##....#.#..#...^.
#...........^...
#...##..........
##......#....#^.
##.............
#...#..........


You could see 2 redbacks.

Vanquished Creatures
  Arachne (Spider:3)
  Frances (Elf:1)
  Kirke (Lair:5)
  The ghost of Kiel97 the Carver, an adept HuSk of the Shining One (Spider:1)
  6 ghost moths
  2 cacodemons (Abyss:2)
  Aizul (Elf:1)
  6 emperor scorpions
  A very ugly thing (Abyss:2)
  4 slime creatures
  3 dire elephants
  3 spark wasps
  A lorocyproca (Abyss:2)
  A deep elf death mage (Elf:1)
  5 vault guards (D:13)
  A fire dragon (D:15)
  A minotaur (Lab)
  Fannar (D:10)
  2 entropy weavers
  A hell beast (Lair:8)
  9 hydras
  3 centaur warriors
  2 ogre magi (D:15)
  14 dancing weapons
  3 thrashing horrors (Abyss:2)
  4 death yaks (Lair:7)
  3 tengu warriors
  4 orc high priests (Orc:2)
  A deep elf knight (Elf:2)
  3 wizards
  Nergalle (Lair:2)
  2 sea snakes
  10 deep elf archers
  3 unseen horrors
  The ghost of frankiefran the Ducker, a novice TrEE of Yredelemnul (D:5)
  An orc knight (Bailey)
  3 hill giants
  17 orb spiders
  10 ugly things
  6 hornets
  A griffon (D:13)
  30 deep elf magi
  5 manticores
  An orc sorcerer (Orc:2)
  41 wolf spiders
  3 cyclopes (D:14)
  29 elephants
  2 moths of wrath
  2 sixfirhies (Abyss:2)
  4 black mambas
  2 sirens
  A black mamba (shapeshifter) (Elf:1)
  Psyche (D:10)
  3 torpor snails
  A naga mage (D:15)
  6 gargoyles
  19 spiny frogs
  6 orange demons
  A hellion (Abyss:2)
  A kobold demonologist (D:14)
  4 rime drakes
  A yaktaur (D:13)
  A hellwing (Lair:8)
  A freezing wraith (D:14)
  8 demonic crawlers
  7 komodo dragons
  2 red devils (Lair:8)
  2 efreet
  3 ice devils (Lair:8)
  2 tengu conjurers (D:14)
  2 merfolk
  2 ancient zymes (Abyss:2)
  37 jumping spiders
  Prince Ribbit (Lair:2)
  5 trolls
  6 two-headed ogres
  2 boulder beetles
  A harpy skeleton (D:13)
  A raiju (Abyss:2)
  2 snapping turtles (Shoals:1)
  32 blink frogs
  A large abomination (Abyss:2)
  64 redbacks
  An air elemental (Elf:1)
  5 starcursed masses (Abyss:2)
  4 wyverns
  19 tarantellas
  2 water elementals
  4 wraiths
  2 shadows
  63 yaks
  A vampire (D:13)
  4 fire bats (Volcano)
  3 steam dragons
  2 small abominations (Abyss:2)
  2 fire elementals
  5 hogs
  10 vampire mosquitoes
  6 basilisks
  8 hippogriffs
  3 hungry ghosts
  2 wargs
  5 mottled dragons
  2 neqoxecs (Abyss:2)
  The ghost of Blondin the Slasher, an amateur HEGl (D:3)
  Edmund (D:4)
  18 water moccasins
  A hell hound (Volcano)
  10 porcupines
  4 ice beasts
  2 swamp drakes (Lair:6)
  24 orc warriors
  An eye of draining (shapeshifter) (D:14)
  16 ogres
  A black bear (D:10)
  An eye of draining (D:12)
  7 sky beasts
  5 wasps
  16 wolves
  11 centaurs
  A necrophage (D:7)
  2 phantoms
  22 crocodiles
  4 big kobolds
  29 giant frogs
  A wyvern zombie (D:13)
  A wyvern skeleton (D:7)
  7 scorpions
  10 killer bees
  17 wights
  5 electric eels
  2 howler monkeys
  2 giant frog zombies
  8 crimson imps
  3 jellies
  6 hounds
  23 orc wizards
  3 centaur zombies
  32 orc priests
  An iron imp (Abyss:2)
  A giant frog skeleton (D:11)
  3 centaur skeletons
  7 iguanas
  12 worker ants
  26 sheep
  A hound zombie (D:9)
  A hound skeleton (D:4)
  A howler monkey zombie (D:11)
  A gnoll (Bailey)
  15 adders
  43 river rats
  4 shadow imps
  4 worms
  A dart slug (D:1)
  4 giant geckos
  75 orcs
  2 giant cockroaches
  10 goblins
  10 hobgoblins
  19 jackals
  5 quokkas
  2 ball pythons
  6 bats
  7 giant newts
  35 kobolds
  2 quokka skeletons
  2 quokka zombies (D:5)
  4 rats
  2 fungi
  A plant (Lair:7)
1246 creatures vanquished.

Vanquished Creatures (collateral kills)
  A slime creature (D:12)
1 creature vanquished.

Vanquished Creatures (others)
  2 orb spiders (Spider:4)
  A jumping spider (Spider:4)
  A fire dragon skeleton (Abyss:2)
  A redback (Spider:2)
  An ogre (D:14)
  A hound (D:14)
  An orc wizard (Orc:2)
  74 fungi
  28 plants
110 creatures vanquished.

Grand Total: 1357 creatures vanquished

Notes
Turn   | Place    | Note
--------------------------------------------------------------
     0 | D:1      | MenacingMecha the Vine Stalker Gladiator began the quest for the Orb.
     0 | D:1      | Reached XP level 1. HP: 11/11 MP: 2/2
   137 | D:1      | Reached XP level 2. HP: 13/15 MP: 3/3
  1230 | D:2      | Reached XP level 3. HP: 18/18 MP: 4/4
  1231 | D:2      | Found an opulent altar of Gozag.
  1629 | D:2      | Found a snail-covered altar of Cheibriados.
  2020 | D:3      | Noticed Blondin's ghost (amateur HEGl)
  2137 | D:3      | Found an ancient bone altar of Kikubaaqudgha.
  2141 | D:3      | Reached XP level 4. HP: 23/23 MP: 5/5
  2148 | D:3      | Noticed a giant frog
  2154 | D:3      | Killed a giant frog
  2154 | D:3      | Reached skill level 5 in Short Blades
  2154 | D:3      | Reached XP level 5. HP: 26/26 MP: 6/6
  2517 | D:4      | Noticed Edmund
  2530 | D:4      | Killed Edmund
  2530 | D:4      | Gained mutation: You heal very quickly. [Vine Stalker growth]
  2530 | D:4      | Reached XP level 6. HP: 28/30 MP: 7/7
  2573 | D:4      | Reached XP level 7. HP: 27/34 MP: 6/8
  2916 | D:4      | Found a glowing silver altar of Zin.
  3031 | D:4      | Found a burning altar of Makhleb.
  3180 | D:5      | Entered Level 5 of the Dungeon
  3180 | D:5      | Noticed frankiefran's ghost (novice TrEE)
  3480 | D:5      | Found a white marble altar of Elyvilon.
  3574 | D:5      | Gained mutation: You have razor-sharp teeth. [Vine Stalker growth]
  3574 | D:5      | Reached XP level 8. HP: 38/38 MP: 9/9
  3663 | D:5      | Found a bloodstained altar of Trog.
  4630 | D:6      | Found a shadowy altar of Dithmenos.
  5006 | D:7      | Reached skill level 10 in Short Blades
  5084 | D:7      | Reached skill level 2 in Fighting
  5084 | D:7      | Reached skill level 1 in Armour
  5281 | D:7      | Found a staircase to the Ecumenical Temple.
  5297 | Temple   | Entered the Ecumenical Temple
  5494 | D:7      | Reached XP level 9. HP: 37/43 MP: 10/10
  5657 | D:3      | Killed Blondin's ghost
  6191 | D:5      | Killed frankiefran's ghost
  6191 | D:5      | Reached skill level 3 in Fighting
  6218 | D:5      | Reached skill level 4 in Fighting
  6709 | D:7      | Reached skill level 5 in Fighting
  6920 | D:7      | Noticed a six-headed hydra
  7175 | D:8      | Found a shattered altar of Ashenzari.
  7204 | D:8      | Found a basalt altar of Yredelemnul.
  7298 | D:8      | Found a blossoming altar of Fedhas.
  7299 | D:8      | Found an iron altar of Okawaru.
  7302 | D:8      | Became a worshipper of Warmaster Okawaru
  7375 | D:8      | Found a flagged portal.
  7385 | Bailey   | Entered a bailey
  7390 | Bailey   | Noticed an orc warlord
  7450 | Bailey   | Noticed an orc knight
  7868 | Bailey   | Reached XP level 10. HP: 41/51 MP: 11/11
  7938 | Bailey   | Killed an orc knight
  8171 | D:8      | Found Jystu's Distillery.
  9090 | D:9      | Reached * piety under Okawaru
  9194 | D:9      | Found a radiant altar of Vehumet.
  9797 | D:10     | Entered Level 10 of the Dungeon
  9906 | D:10     | Noticed a hill giant
  9928 | D:10     | Killed a hill giant
  9928 | D:10     | Reached ** piety under Okawaru
  9928 | D:10     | Reached skill level 5 in Dodging
 10111 | D:10     | Found a glowing golden altar of the Shining One.
 10155 | D:10     | Reached skill level 1 in Evocations
 10220 | D:10     | Found a staircase to the Lair.
 10421 | D:10     | Found a portal to a secret trove of treasure.
 10587 | D:10     | Reached *** piety under Okawaru
 10587 | D:10     | Reached XP level 11. HP: 50/55 MP: 13/15
 10702 | D:10     | Noticed Fannar
 10736 | D:10     | Noticed Psyche
 10743 | D:10     | Killed Fannar
 10743 | D:10     | Reached skill level 5 in Evocations
 10753 | D:10     | Killed Psyche
 11023 | Lair:1   | Entered Level 1 of the Lair of Beasts
 11137 | Lair:1   | Reached **** piety under Okawaru
 11456 | Lair:1   | Reached skill level 6 in Fighting
 11610 | Lair:1   | Found a white marble altar of Elyvilon.
 11709 | Lair:1   | Reached skill level 1 in Invocations
 12050 | Lair:2   | Noticed an eight-headed hydra
 12058 | Lair:2   | Killed an eight-headed hydra
 12271 | Lair:2   | Noticed Prince Ribbit
 12283 | Lair:2   | Reached skill level 5 in Invocations
 12288 | Lair:2   | Reached ***** piety under Okawaru
 12310 | Lair:2   | Killed Prince Ribbit
 12581 | Lair:2   | Received a gift from Okawaru
 12601 | Lair:2   | Reached skill level 7 in Fighting
 12745 | Lair:2   | Noticed Nergalle
 12758 | Lair:2   | Gained mutation: You regenerate. [Vine Stalker growth]
 12758 | Lair:2   | Reached XP level 12. HP: 41/63 MP: 11/17
 12875 | Lair:2   | Killed Nergalle
 13091 | Lair:3   | Found a dark tunnel.
 13100 | Volcano  | Entered a volcano
 13927 | Lair:3   | Learned a level 1 spell: Apportation
 14561 | Lair:4   | Found a labyrinth entrance.
 14638 | Lair:4   | Reached skill level 5 in Throwing
 14648 | Lair:4   | Received a gift from Okawaru
 14662 | Lair:4   | Got a shimmering shield {god gift}
 14673 | Lair:4   | Identified the +0 shield of Usyre {Str+4 Stlth+} (Okawaru gifted it to you on level 4 of the Lair of Beasts)
 14755 | Lab      | Entered a labyrinth
 14820 | Lab      | Found an exit through the horrors of the Abyss.
 15424 | Lab      | Noticed a minotaur
 15434 | Lab      | Killed a minotaur
 15434 | Lab      | Reached skill level 8 in Fighting
 15662 | Lair:4   | Got an ichor-stained short sword
 15667 | Lair:4   | Identified the +5 short sword "Neecwyvy" {pierce, MP+9 Str+5} (You found it on level 4 of the Lair of Beasts)
 16063 | Lair:4   | Reached XP level 13. HP: 64/69 MP: 19/19
 16315 | Lair:5   | Reached skill level 9 in Fighting
 16701 | Lair:5   | Reached skill level 10 in Fighting
 16759 | Lair:5   | Noticed Kirke
 17599 | D:11     | Received a gift from Okawaru
 17737 | D:11     | Found a shattered altar of Ashenzari.
 17838 | D:11     | Reached ****** piety under Okawaru
 17871 | D:11     | Found a staircase to the Orcish Mines.
 17881 | D:11     | Found a roughly hewn altar of Beogh.
 18325 | D:11     | Found Ynnueset's Armour Shoppe.
 19224 | Lair:2   | Identified a scroll of acquirement
 19353 | D:11     | Bought a fire dragon hide for 700 gold pieces
 19612 | Orc:1    | Entered Level 1 of the Orcish Mines
 19674 | Orc:1    | Found Zysk's Jewellery Shoppe.
 19721 | Orc:1    | Reached skill level 1 in Shields
 19895 | Orc:1    | Found a roughly hewn altar of Beogh.
 20054 | Orc:2    | Entered Level 2 of the Orcish Mines
 20415 | Orc:2    | Received a gift from Okawaru
 20679 | Orc:2    | Found a staircase to the Elven Halls.
 20737 | Orc:2    | Received a gift from Okawaru
 20746 | Orc:2    | Got a pair of jewelled boots {god gift}
 20757 | Orc:2    | Identified the +0 pair of boots of Uwohar {+Blink rPois MR+ Dex-4} (Okawaru gifted it to you on level 2 of the Orcish Mines)
 21068 | Orc:2    | Reached XP level 14. HP: 67/77 MP: 20/20
 21261 | Orc:2    | Found Reonk's General Store.
 21261 | Orc:2    | Found Deika Ase's Assorted Antiques.
 21261 | Orc:2    | Found Teit Haz's Assorted Antiques.
 21275 | Orc:2    | Found Toykalu's Assorted Antiques.
 21280 | Orc:2    | Bought a metal-bound manual for 450 gold pieces
 21419 | Orc:1    | Noticed a stone giant
 21460 | Elf:1    | Entered Level 1 of the Elven Halls
 22561 | Lair:6   | Found a hole to the Spider Nest.
 23338 | Lair:6   | Found a staircase to the Shoals.
 23573 | Lair:7   | Received a gift from Okawaru
 23581 | Lair:7   | Reached skill level 11 in Fighting
 23608 | Lair:7   | Got a pair of bloodstained gloves {god gift}
 23614 | Lair:7   | Identified the +0 pair of gloves of the Peculiar Ghosts {+Fly rCorr Slay+4} (Okawaru gifted it to you on level 7 of the Lair of Beasts)
 24104 | Lair:7   | Reached skill level 12 in Fighting
 24289 | Lair:7   | Reached skill level 13 in Fighting
 24643 | Lair:7   | Reached XP level 15. HP: 87/87 MP: 21/21
 24722 | Lair:7   | Reached skill level 14 in Fighting
 24971 | Lair:7   | Received a gift from Okawaru
 24996 | Lair:7   | Got an iridescent dagger {god gift}
 24997 | Lair:7   | Identified the +5 dagger of Doom {antimagic, rF- rN++ Dex+4 Stlth+} (Okawaru gifted it to you on level 7 of the Lair of Beasts)
 25313 | Lair:8   | Entered Level 8 of the Lair of Beasts
 25326 | Lair:7   | Reached skill level 15 in Fighting
 25838 | Lair:8   | Found a staircase to the Slime Pits.
 25838 | Lair:8   | Found a viscous altar of Jiyva.
 26092 | Lair:8   | Reached skill level 10 in Dodging
 26103 | Lair:8   | Received a gift from Okawaru
 26103 | Lair:8   | Reached skill level 1 in Translocations
 26272 | Lair:8   | Received a gift from Okawaru
 26296 | Lair:8   | Got a bloodstained short sword {god gift}
 26297 | Lair:8   | Identified the +8 short sword "Ogreslayer" {flame, Int+4} (Okawaru gifted it to you on level 8 of the Lair of Beasts)
 26471 | Lair:8   | Found a burning altar of Makhleb.
 26700 | Lair:8   | Reached skill level 5 in Translocations
 26805 | Lair:8   | Found a gateway to Hell.
 28362 | D:12     | Received a gift from Okawaru
 28429 | D:13     | Found Nunk's Jewellery Shop.
 28456 | D:13     | Found Vuatsee's Weapon Shop.
 28549 | D:13     | Found Gitraz's Book Shoppe.
 28957 | D:13     | Reached XP level 16. HP: 64/95 MP: 22/22
 29018 | D:13     | Found Qomau's Magic Scroll Boutique.
 29189 | D:13     | Found a gate to the Vaults.
 29202 | D:13     | Received a gift from Okawaru
 30481 | D:14     | Noticed a shadow dragon
 31002 | D:15     | Entered Level 15 of the Dungeon
 31441 | D:15     | Learned a level 3 spell: Regeneration
 31445 | D:15     | Learned a level 3 spell: Spectral Weapon
 31758 | D:15     | Reached skill level 5 in Armour
 31876 | D:15     | Found a staircase to the Depths.
 31897 | D:15     | Received a gift from Okawaru
 32726 | D:13     | Bought a +2 rapier of venom for 268 gold pieces
 33105 | Spider:1 | Entered Level 1 of the Spider Nest
 33519 | Spider:1 | Received a gift from Okawaru
 33570 | Spider:1 | Noticed Kiel97's ghost (adept HuSk)
 33582 | Spider:1 | Killed Kiel97's ghost
 33639 | Spider:1 | Received a gift from Okawaru
 33639 | Spider:1 | Reached XP level 17. HP: 99/99 MP: 24/24
 33663 | Spider:1 | Gained mutation: You evolve. [potion of beneficial mutation]
 33841 | Spider:1 | Gained mutation: You are covered in fur (AC +1). [evolution]
 33979 | Spider:1 | Received a gift from Okawaru
 34115 | Spider:1 | Reached skill level 1 in Charms
 34115 | Spider:1 | Reached skill level 1 in Necromancy
 35002 | Spider:2 | Reached skill level 5 in Charms
 35979 | Spider:3 | Noticed Arachne
 36107 | Spider:2 | Received a gift from Okawaru
 36303 | Spider:3 | Killed Arachne
 36303 | Spider:3 | Reached skill level 5 in Necromancy
 36484 | Spider:3 | Noticed Roxanne
 36538 | Spider:3 | Upgraded the game from 0.19-a0-3-g95c6029 to 0.19-a0-13-gc67dc5e
 36741 | Lair:5   | Killed Kirke
 36929 | Lair:5   | Gained mutation: You possess an exceptional clarity of mind. [evolution]
 36929 | Lair:5   | Lost mutation: You evolve. [end of evolution]
 37188 | Shoals:1 | Entered Level 1 of the Shoals
 37227 | Shoals:1 | Found Ecry's Distillery.
 37294 | Shoals:1 | Found Caneutaa's General Store.
 37313 | Shoals:1 | Cast into level 2 of the Abyss (merfolk impaler)
 37386 | Abyss:2  | Gained mutation: Your magical capacity is low (-10% MP). [a neqoxec]
 37392 | Abyss:2  | Gained mutation: Your body sometimes deteriorates upon taking damage. [a neqoxec]
 37393 | Abyss:2  | Gained mutation: You are clumsy. (Dex -2) [a neqoxec]
 37395 | Abyss:2  | Gained mutation: Armour fits poorly on your strangely shaped body. [a neqoxec]
 37425 | Abyss:2  | Gained mutation: Your magical capacity is very low (-20% MP). [a neqoxec]
 37606 | Abyss:2  | HP: 2/99 [large abomination (11)]
 37917 | Abyss:2  | Reached XP level 18. HP: 32/104 MP: 20/20
 37919 | Shoals:1 | Escaped the Abyss
 38033 | Shoals:1 | Cast into level 3 of the Abyss (merfolk impaler)
 38065 | Shoals:1 | Escaped the Abyss
 38548 | Elf:1    | Noticed Frances
 38561 | Elf:1    | Killed Frances
 38581 | Elf:1    | Got a pair of smoking boots
 38592 | Elf:1    | Identified the -1 pair of boots of Jenul {Int+4 Dex+2} (You acquired it on level 1 of the Elven Halls)
 38820 | Elf:1    | Received a gift from Okawaru
 39560 | Elf:1    | Noticed Aizul
 39590 | Elf:1    | Killed Aizul
 39768 | Elf:1    | Gained mutation: Your mind is acute. (Int +2) [a neqoxec]
 39797 | Elf:2    | Found Jiczopp's Book Emporium.
 40088 | Elf:2    | Found a runed gate.
 40088 | Elf:2    | Found a runed gate.
 40089 | Elf:2    | Found a runed gate.
 40797 | Spider:4 | Entered Level 4 of the Spider Nest
 42578 | Spider:4 | Received a gift from Okawaru
 42581 | Spider:4 | Got an encrusted scale mail {god gift}
 42588 | Spider:4 | Identified the +1 scale mail of Laegg {MP+9 Int+3} (Okawaru gifted it to you on level 4 of the Spider Nest)
 43167 | Spider:4 | Reached XP level 19. HP: 55/108 MP: 18/21
 43326 | Spider:4 | HP: 4/108 [emperor scorpion (3)]
 43635 | Spider:4 | Got a gossamer rune of Zot
 43807 | Spider:3 | Slain by a redback

Vault maps used:
D:1:      sevenhm_arrival_forest_fort_large_2
D:2:      overflow_temple_1_default, nicolae_overflow_crystal_walls, first_bread
D:3:      kiku_gazebo_pond_becter, amethyst_killhole
D:4:      kennysheep_mini, zin_scriptorium, minmay_joined_circles, uniq_edmund
D:5:      old_standard_altar, nrook_pool_corridor, elyvilon_altar_5
D:6:      grunt_dithmenos_smoke_and_mirrors
D:7:      kennysheep_windowed_halls, temple_pool_a, minmay_misc_feat_x
D:8:      kennysheep_spiral_hall, kennysheep_little_box,
          grunt_temple_overflow_open, lemuel_doored_altar, enter_bailey_3,
          serial_shops, shop_statue
D:9:      overflow_temple_1_default
D:10:     lair_0_dummy, basic_altar, nicolae_trove_entry_columns, uniq_fannar,
          uniq_psyche
D:11:     minmay_orc_entry_temple_small, basic_altar, serial_shops, shop_coins
D:12:     statuecave_lemuel
D:13:     grunt_vaults_entry_fortified, serial_shops, shop_fountains, shop,
          shop_statue, nicolae_shop_crystal, hangedman_fish_farm
D:14:     kennysheep_green_arena, minmay_misc_feat_encased,
          hangedman_glass_teeth, minmay_gold_behind_fungi
D:15:     hangedman_depths_entry_try_elsewhere_first,
          hangedman_abyss_or_decor_stabs
Temple:   temple_eino_lava_8
Lair:1:   basic_altar
Lair:2:   minmay_stone_trees_medium, minivault_19, uniq_nergalle,
          uniq_prince_ribbit2
Lair:3:   nicolae_volcano_entry_lava_flow, infiniplex_staircase_pool
Lair:4:   lab_entry_generic, st_stairs_12
Lair:5:   boulder_dual_corridor_run, serial_bayou_shore_b, uniq_kirke
Lair:6:   minmay_shoals_entry_lonely_mermaid, spider_nest_entry_rubble,
          guppyfry_lair_drakes, grunt_megastairs_2
Lair:7:   mu_elephants_graveyard, serial_bayou_shore_b
Lair:8:   evil_forest, slime_altar_1, grunt_megastairs_5
Shoals:1: serial_shops, shop_statue, nicolae_shop_window_shopping, shop,
          nicolae_shop_statue_plus, shop
Spider:3: uniq_arachne, uniq_roxanne
Spider:4: spider_rune_water, nicolae_spider_webs_and_nodes
Orc:1:    basic_altar, serial_shops, shop
Orc:2:    st_orc_mages
Elf:1:    minmay_elf_arrival_summoners, evilmike_minifort,
          corexii_leaking_fountain, uniq_aizul, uniq_frances
Elf:2:    serial_shops, shop
Abyss:2:  abyss_furniture_001
Abyss:3:  evilmike_abyss_exit_11, evilmike_abyss_rune_seething_chaos
Lab:      labyrinth_mini_lab, labyrinth_fake_exit
Bailey:   bailey_axe_bossmonster_kennysheep, bailey
Volcano:  volcano_pools

Skill      XL: |  1  2  3  4  5  6  7  8  9 10 11 12 13 14 15 16 17 18 19 |
---------------+----------------------------------------------------------+-----
Short Blades   | 3 4 5 6 7 8 10 12 14 | 14.0
Fighting       | 2 5 7 8 10 13 15 | 15.5
Armour         | 2 3 7 8 |  8.4
Dodging        | 3 5 7 9 10 11 14 | 14.0
Evocations     | 4 6 8 |  8.0
Invocations    | 6 7 |  7.5
Throwing       | 5 8 9 |  9.1
Shields        | 4 |  4.0
Translocations | 8 |  8.0
Charms         | 7 |  7.1
Necromancy     | 6 |  6.2

Action                   |  1- 3 |  4- 6 |  7- 9 | 10-12 | 13-15 | 16-18 | 19-21 || total
-------------------------+-------+-------+-------+-------+-------+-------+-------++-------
Melee: Rapier            |    98 |       |    16 |       |       |   346 |       ||   460
       Bite              |    25 |    15 |   211 |   378 |   805 |   940 |    28 ||  2402
       Dagger            |    12 |    54 |   408 |   357 |  1810 |  1039 |    75 ||  3755
       Short sword       |       |       |    95 |   494 |     5 |       |       ||   594
       Quick blade       |       |       |       |       |       |   631 |    13 ||   644
Throw: Throwing net      |       |     2 |       |     6 |     3 |       |       ||    11
       Tomahawk          |       |     6 |    16 |    54 |   110 |    43 |       ||   229
       Javelin           |       |       |       |       |       |    18 |     4 ||    22
Invok: Finesse           |       |       |       |       |     2 |     4 |       ||     6
 Abil: Evoke Flight      |       |       |       |       |     3 |       |       ||     3
Evoke: Wand              |       |       |       |     2 |     6 |       |       ||     8
       Phial of floods   |       |       |       |       |     1 |       |       ||     1
       Deck              |       |       |       |       |       |     1 |       ||     1
  Use: Scroll            |       |       |    11 |    21 |    15 |    15 |       ||    62
       Potion            |       |       |     2 |     5 |     1 |     5 |     1 ||    14
 Stab: Held in net/web   |       |     2 |       |     3 |     3 |       |       ||     8
       Invisible         |       |       |     2 |       |       |       |       ||     2
       Distracted        |       |       |       |       |     1 |       |       ||     1
  Eat: Chunk             |     4 |     1 |    11 |    22 |    35 |    27 |       ||   100
       Meat ration       |       |       |     1 |       |     1 |       |       ||     2
       Pizza             |       |       |       |     1 |     1 |       |       ||     2
       Beef jerky        |       |       |       |     2 |       |     2 |       ||     4
       Bread ration      |       |       |       |     1 |       |     4 |       ||     5
       Fruit             |       |       |       |       |     1 |     2 |       ||     3
Armor: Leather armour    |    11 |       |       |       |       |       |       ||    11
       Ring mail         |    35 |       |       |    10 |       |       |       ||    45
       Scale mail        |    17 |    20 |   158 |   175 |    78 |       |       ||   448
       Skin              |       |       |       |    12 |       |       |       ||    12
       Fire dragon armou |       |       |       |       |   211 |   566 |    59 ||   836
Dodge: Dodged            |    58 |    22 |   188 |   304 |   694 |   967 |    57 ||  2290
Block: Buckler           |       |       |       |       |   194 |   408 |    19 ||   621
